 Dungeon Crawl Stone Soup version 0.29.1-2-gbd0b4ee654 (webtiles) character file.

Game seed: 8568840631792580960

48 DildoBatman the Conjurer (level 4, 0/29 (30) HPs)
             Began as a Formicid Conjurer on Nov 22, 2022.
             Slain by a goblin
             ... wielding a +0 dagger
              (2 damage)
             ... on level 4 of the Dungeon.
             The game lasted 00:02:15 (1098 turns).

DildoBatman the Conjurer (Formicid Conjurer)        Turns: 1098, Time: 00:02:16

HP:   0/29 (30)     AC:  2    Str: 12    XL:     4   Next: 0%
MP:   5/7           EV: 12    Int: 19    God:
Gold: 75            SH:  0    Dex: 12    Spells: 4/7 levels left

rFire   . . .      SeeInvis +   f - +1 dagger (venom)
rCold   . . .      Faith    .   (no shield)
rNeg    . . .      Spirit   .   a - +0 robe
rPois   .          Reflect  .   (helmet unavailable)
rElec   .          Harm     .   (no cloak)
rCorr   .          Rampage  .   (no gloves)
Will    +....                   (no boots)
Stlth   ++........              (no amulet)
HPRegen 0.09/turn               c - ring of wizardry
MPRegen 0.10/turn               g - ring of willpower

@: lightly drained
A: permanent stasis, dig shafts and tunnels, antennae 3, four strong arms
a: Dig, Shaft Self


You were on level 4 of the Dungeon.
You visited 1 branch of the dungeon, and saw 3 of its levels.

You collected 75 gold pieces.

Inventory:

Hand Weapons
 f - a +1 dagger of venom (weapon)
Missiles
 e - 6 stones
Armour
 a - a +0 robe (worn)
Jewellery
 c - a ring of wizardry (left hand)
 g - a ring of willpower (right hand)
Scrolls
 d - 2 scrolls of noise {unknown}
 k - a scroll of vulnerability {unknown}
 l - a scroll of enchant armour {unknown}
 m - 2 scrolls of identify {unknown}
 n - a scroll of teleportation {unknown}
Potions
 b - a potion of magic
 h - 2 potions of haste {unknown}
 i - a potion of mutation {unknown}
 j - 2 potions of flight {unknown}
 o - a potion of brilliance {unknown}


   Skills:
 - Level 1.7 Dodging
 - Level 2.4 Stealth
 - Level 2.1 Spellcasting
 * Level 4.8 Conjurations


You had 4 spell levels left.
You knew the following spells:

 Your Spells              Type           Power      Damage    Failure   Level
a - Searing Ray           Conj           40%        2d5       1%          2
c - Magic Dart            Conj           80%        1d7       1%          1

Your spell library contained the following spells:

 Spells                   Type           Power      Damage    Failure   Level
 Dazzling Flash           Conj/Hex       22%        N/A       8%          3
 Fulminant Prism          Conj/Hex       5%         3d7       24%         4
 Iskenderun's Mystic Bla  Conj/Tloc      11%        2d4       24%         4


Dungeon Overview and Level Annotations

Branches:
Dungeon (2/15)

Altars:

Shops:
D:2 *


Innate Abilities, Weirdness & Mutations

You cannot be hasted, slowed, berserked, paralysed or teleported.
You can dig through walls and to a lower floor.
You have a pair of large antennae on your head. (SInv)
Your four strong arms can wield two-handed weapons with a shield.


Message History

r - Retreat! s - Stop attacking. g - Guard the area. f - Follow me.
Anything else - Cancel.
You shout for attention!
The iguana hisses angrily.
The scorpion barely misses you. The goblin hits you with a +0 dagger.
What are your orders? t - Shout!
Orders for allies: a - Attack new target. r - Retreat! s - Stop attacking. g - Guard the area. f - Follow me.
Anything else - Cancel.
You shout for attention!
The scorpion barely misses you. The goblin hits you with a +0 dagger.
The necrophage hits you!
You feel drained. What are your orders? t - Shout!
Orders for allies: a - Attack new target. r - Retreat! s - Stop attacking. g - Guard the area. f - Follow me.
Anything else - Cancel.
You shout for attention!
The scorpion completely misses you. The goblin hits you with a +0 dagger.
The necrophage barely misses you. What are your orders? t - Shout!
Orders for allies: a - Attack new target. r - Retreat! s - Stop attacking. g - Guard the area. f - Follow me.
Anything else - Cancel.
You shout for attention!
The scorpion barely misses you.
An iguana comes into view.
A giant cockroach comes into view.
The goblin hits you with a +0 dagger.
You die...

..##l##
......###
#...#....
#........ ##
#l..[..#.
##..###........
.......sg......
#....@....#
##...ns).....
#.##g....#.. #
#........
#$...#..#
#..### B. ...#
. #..#


You could see a necrophage, 2 scorpions, 2 iguanas, a giant cockroach, a
hobgoblin and a goblin.

Vanquished Creatures
  A gnoll (D:1)
  An adder (D:2)
  A worm (D:2)
  3 ball pythons
  2 bats (D:1)
  6 giant cockroaches (D:1)
  4 goblins
  2 jackals (D:2)
  A kobold (D:1)
  A quokka (D:2)
  A frilled lizard (D:2)
23 creatures vanquished.

Notes
Turn   | Place    | Note
-------+----------+-------------------------------------------
     0 | D:1      | DildoBatman the Formicid Conjurer began the quest for the
                  | Orb.
     0 | D:1      | Reached XP level 1. HP: 13/13 MP: 3/3
   155 | D:1      | Reached XP level 2. HP: 14/19 MP: 1/5
   158 | D:1      | Learned a level 2 spell: Searing Ray
   198 | D:1      | Reached skill level 4 in Conjurations
   363 | D:1      | Reached XP level 3. HP: 24/24 MP: 6/6
   784 | D:1      | Found a faded altar of an unknown god.
   897 | D:2      | Found Elleb's Assorted Antiques.
  1081 | D:2      | Reached XP level 4. HP: 25/30 MP: 4/7
  1083 | D:2      | You fall into a shaft and drop 2 floors!
  1089 | D:4      | Noticed a scorpion
  1089 | D:4      | Noticed a necrophage
  1093 | D:4      | Noticed a scorpion
  1098 | D:4      | Slain by a goblin

Illustrated notes

Levels and vault maps discovered:
D:1:      evilmike_arrival_plus, layout_loops_ring, serial_aquarium,
          aquarium_bridge_square [aquarium_subvault_window,
          aquarium_subvault_wall, aquarium_subvault_window,
          aquarium_subvault_bridge], aquarium_bridge_long_joined
          [aquarium_subvault_window, aquarium_subvault_wall,
          aquarium_subvault_bridge, aquarium_subvault_bridge,
          aquarium_subvault_bridge, aquarium_subvault_bridge],
          aquarium_window_corridor_1, aquarium_window_1, aquarium_view_2c,
          aquarium_view_2e, aquarium_balcony_1a,
          shapermc_ecumenical_altar_mp_vishouse, minmay_worlds_worst_comb
D:2:      layout_rooms, serial_shops, nicolae_shop_waterfront,
          minmay_misc_feat_tower
D:4:      layout_rooms

Skill      XL: |  1  2 |
---------------+-------+-----
Conjurations   | 4 |  4.8
Dodging        | |  1.7
Stealth        | |  2.4
Spellcasting   | |  2.1

Action                   |  1- 3 |  4- 6 || total
-------------------------+-------+-------++-------
Melee: Dagger            |    44 |       ||    44
       Unarmed           |     3 |       ||     3
 Cast: Magic Dart        |    16 |       ||    16
       Searing Ray       |     3 |       ||     3
 Abil: Shaft Self        |       |     1 ||     1
 Stab: Sleeping          |     3 |       ||     3
Armor: Robe              |    14 |       ||    14
Dodge: Dodged            |    21 |     5 ||    26
